 Dungeon Crawl Stone Soup version 0.29-a0-322-g68df515428 (console) character file.

Game seed: 16079212884388384173

188 Ignak the Sneak (level 5, 0/33 HPs)
             Began as an Octopode Enchanter on Apr 6, 2022.
             Slain by Grinder (2 damage)
             ... on level 4 of the Dungeon.
             The game lasted 00:11:44 (3440 turns).

Ignak the Sneak (Octopode Enchanter)                Turns: 3440, Time: 00:11:45

Health: 0/33       AC:  1    Str:  7    XL:     5   Next: 67%
Magic:  5/8        EV: 14    Int: 17    God:
Gold:   45         SH:  4    Dex: 15    Spells: 1/8 levels left

rFire   + . .      SeeInvis .   h - +0 rapier (drain)
rCold   x . .      Faith    .   (no shield)
rNeg    . . .      Spirit   .   (helmet restricted)
rPois   .          Reflect  .   d - amulet of regeneration
rElec   .          Harm     .   e - ring of fire
rCorr   .          Rampage  .   (no ring)
Will    .....                   (no ring)
Stlth   ++++......              (no ring)
HPRegen 0.00/turn               (no ring)
MPRegen 0.11/turn               (no ring)
                                (no ring)
                                (no ring)

@: confusing by touch, inhibited regen
A: almost no armour, amphibious, 8 rings, camouflage 1, gelatinous body 1,
(nimble swimmer 1), tentacles, large bone plates 1, inhibited regeneration,
MP-powered wands
a: no special abilities


You were on level 4 of the Dungeon.
You visited 1 branch of the dungeon, and saw 4 of its levels.

You collected 170 gold pieces.
You spent 125 gold pieces at shops.

Inventory:

Hand Weapons
 h - a +0 rapier of draining (weapon)
 i - a +2 short sword of electrocution
 j - a +0 rapier
Missiles
 l - 4 poisoned darts (quivered)
Jewellery
 d - an amulet of regeneration (around mantle)
 e - a ring of fire (left tentacle)
 g - an amulet of faith
Scrolls
 c - a scroll of teleportation
 f - a scroll of noise
 k - 2 scrolls of identify
Potions
 a - a potion of haste {unknown}
 b - a potion of invisibility


   Skills:
 + Level 1.1 Fighting
 + Level 1.9 Short Blades
 * Level 3.1 Dodging
 * Level 5.5 Stealth
 - Level 1.0 Unarmed Combat
 + Level 2.4 Spellcasting
 + Level 3.4 Hexes
 + Level 1.3 Poison Magic


You had one spell level left.
You knew the following spells:

 Your Spells              Type           Power      Damage    Failure   Level
a - Poisonous Vapours     Pois/Air       8%         N/A       22%         2
c - Ensorcelled Hibernat  Hex/Ice        14%        N/A       14%         2
q - Confusing Touch       Hex            13%        N/A       14%         3

Your spell library contained the following spells:

 Spells                   Type           Power      Damage    Failure   Level
 Tukima's Dance           Hex            13%        N/A       14%         3
 Dazzling Flash           Conj/Hex       14%        N/A       26%         3
 Corpse Rot               Necr/Air       4%         N/A       28%         2


Dungeon Overview and Level Annotations

Branches:
Dungeon (4/15)             Temple (0/1) D:4

Altars:

Shops:
D:1 (   D:2 *   D:3 *

Annotations:
D:4 Duvessa, Grinder


Innate Abilities, Weirdness & Mutations

You cannot wear most types of armour.
You are amphibious.
You can wear up to eight rings at the same time.
Your skin changes colour to match your surroundings (Stealth+).
Your rubbery body absorbs attacks. (AC +1, EV +1)
((You are camouflaged when in or above water. (Stealth+)))
You have tentacles for arms and can constrict up to eight enemies at once.
You are partially covered in large bone plates. (SH +4)
You do not regenerate when monsters are visible.
You expend magic power (3 MP) to strengthen your wands.


Message History

You climb downwards.
Level annotation: Duvessa
There is a stone staircase leading up here.
Found a stone staircase leading up.
You hear a shout!
Found a pair of gloves.
You hear a shout!
Found a potion of mutation.
Grinder comes into view.
You hear a shout!
An adder comes into view.
Grinder shouts!
The adder hisses angrily.
You hear a shout!
Grinder gestures at you. Pain shoots through your body!
Casting: Ensorcelled Hibernation (safe; 14% risk of failure)
Confirm with . or Enter, or press ? or * to list all spells.
Aiming: Ensorcelled Hibernation (safe; 14% risk of failure)
Press: ? - help, Shift-Dir - straight line, f - adder
Aim: an adder (chance to affect: 50%)
Okay, then.
Casting: Ensorcelled Hibernation (safe; 14% risk of failure)
Confirm with . or Enter, or press ? or * to list all spells.
Okay, then.
Unknown command.
Casting: Ensorcelled Hibernation (safe; 14% risk of failure)
Confirm with . or Enter, or press ? or * to list all spells.
The spell is quite dangerous to miscast (14% risk of failure)!
Continue anyway?
Your tentacles begin to glow red.
Grinder hits you!
You writhe in agony.
You hit Grinder but do no damage. You grab Grinder. You constrict Grinder.
Grinder says, "Don't move a muscle."
Grinder hits you.
* * * LOW HITPOINT WARNING * * *
You writhe in agony.
* * * LOW HITPOINT WARNING * * *
You completely miss Grinder. You squeeze Grinder.
Grinder is lightly wounded.
You constrict Grinder.
Grinder says, "There's only one good use for a tongue: cutting it out."
Grinder hits you.
You die...

##.## #..#
##...###..#
##.........#
#.......##.#
##.....###.#
#.######....####.#
.........#..##<..#
.#####..##.##.###
#!@##.##.#
.....S..5..##.#
.###.#..##[##.#
..#.!........
###.#..##.####
###..# ...# ##.#


You could see Grinder and an adder.

Vanquished Creatures
  Dowan (D:4)
  An orc priest (D:3)
  4 gnolls (D:3)
  An adder (D:3)
  4 worms
  A dart slug (D:1)
  4 orcs (D:3)
  6 ball pythons
  2 endoplasms
  2 giant cockroaches (D:3)
  2 hobgoblins (D:3)
  A quokka (D:1)
  7 bats
  2 frilled lizards (D:1)
  A goblin (D:1)
  5 kobolds
  7 rats
51 creatures vanquished.

Vanquished Creatures (others)
  A fungus (D:1)
  3 plants (D:1)
4 creatures vanquished.

Grand Total: 55 creatures vanquished

Notes
Turn   | Place    | Note
-------+----------+-------------------------------------------
     0 | D:1      | Ignak the Octopode Enchanter began the quest for the Orb.
     0 | D:1      | Reached XP level 1. HP: 11/11 MP: 3/3
   712 | D:1      | Found Poulub Okke's Weapon Boutique.
   875 | D:1      | Reached XP level 2. HP: 17/17 MP: 5/5
   878 | D:1      | Learned a level 2 spell: Ensorcelled Hibernation
   937 | D:1      | Found a faded altar of an unknown god.
  1727 | D:2      | Reached XP level 3. HP: 21/21 MP: 6/6
  1956 | D:2      | Learned a level 2 spell: Poisonous Vapours
  2019 | D:2      | Found Xaskos's Assorted Antiques.
  2030 | D:2      | Gained mutation: You do not regenerate when monsters are
                  | visible. [potion of mutation]
  2030 | D:2      | Gained mutation: You are partially covered in large bone
                  | plates. (SH +4) [potion of mutation]
  2030 | D:2      | Gained mutation: You expend magic power (3 MP) to
                  | strengthen your wands. [potion of mutation]
  2477 | D:3      | Reached skill level 1 in Unarmed Combat
  2477 | D:3      | Reached XP level 4. HP: 27/27 MP: 7/7
  2490 | D:3      | Reached skill level 5 in Stealth
  2498 | D:3      | Learned a level 3 spell: Confusing Touch
  2788 | D:3      | Found Areschint's Assorted Antiques.
  2796 | D:3      | Bought a ruby ring for 125 gold pieces
  2876 | D:3      | Reached skill level 1 in Poison Magic
  2982 | D:3      | Reached XP level 5. HP: 32/32 MP: 5/8
  3257 | D:3      | Reached skill level 1 in Fighting
  3388 | D:4      | Noticed Duvessa
  3388 | D:4      | Noticed Dowan
  3389 | D:4      | Found a staircase to the Ecumenical Temple.
  3392 | D:4      | Killed Dowan
  3435 | D:4      | Noticed Grinder
  3440 | D:4      | Slain by Grinder

Illustrated notes

Levels and vault maps discovered:
D:1:      wander_arrival_fairy_ring, layout_basic,
          ebering_ecumenical_altar_sacrificial, serial_shops,
          nicolae_shop_stone, chequers_serial_rivers_large_a,
          wander_ebering_terrifying_dragon_lair
D:2:      layout_loops_corners, serial_shops, nicolae_shop_crystal
D:3:      layout_basic, portal_sewer_entry_b, serial_shops, shop
D:4:      layout_loops_ring, minmay_temple_entry_stoned_glass, uniq_duvessa,
          uniq_grinder

Skill      XL: |  1  2  3  4  5 |
---------------+----------------+-----
Unarmed Combat | 1 |  1.0
Stealth        | 5 |  5.5
Poison Magic   | 1 |  1.3
Fighting       | 1 |  1.1
Dodging        | 3 |  3.1
Short Blades   | |  1.9
Spellcasting   | |  2.4
Hexes          | |  3.4

Action                   |  1- 3 |  4- 6 || total
-------------------------+-------+-------++-------
Melee: Dagger            |    44 |       ||    44
       Constrict         |    11 |    12 ||    23
       Punch             |     2 |     1 ||     3
       Tentacles         |     8 |     3 ||    11
       Rapier            |    13 |    42 ||    55
Throw: Dart              |     2 |       ||     2
 Cast: Ensorcelled Hiber |       |     8 ||     8
       Confusing Touch   |       |     1 ||     1
  Use: Potion            |     4 |     1 ||     5
       Scroll            |     3 |     1 ||     4
 Stab: Sleeping          |    10 |     6 ||    16
       Distracted        |       |     1 ||     1
Armor: Skin              |     2 |     1 ||     3
Dodge: Dodged            |    23 |    26 ||    49
Block: Other             |     1 |     3 ||     4

Table legend: (Time is in decaauts)
 A = Elapsed time spent in this place.
 B = Non-inter-level travel time spent in this place.
 C = Inter-level travel time spent in this place.
 D = Time resting spent in this place.
 E = Time spent auto-exploring this place.
 F = Levels seen in this place.
 G = Mean time per level.
                   A        B        C        D        E       F      G
               +--------+--------+--------+--------+--------+-----+--------+
         Total |   3443 |   3362 |     81 |    319 |   2333 |   4 |  860.8 |
       Dungeon |   3443 |   3362 |     81 |    319 |   2333 |   4 |  860.8 |
               +--------+--------+--------+--------+--------+-----+--------+

Top non-repeatable levels by time:
     D:1: 1550 daAuts
     D:3: 1076 daAuts
     D:2: 787 daAuts
     D:4: 28 daAuts
